[Event "January 2 Late 2024"]
[Site "https://www.chess.com"]
[Date "2024.01.02"]
[Round "11"]
[White "Kamsky, Gata"]
[Black "Khatoev, Eduard"]
[Result "1/2-1/2"]
[Board "30"]
[TimeControl "180+1"]
[WhiteFideId "2000024"]
[BlackFideId "24145076"]
[WhiteElo "2952"]
[BlackElo "2676"]
[WhiteTeam "USA"]
[BlackTeam "RUS"]
[WhiteClock "0:00:27"]
[BlackClock "0:00:39"]

1. e4 c6 2. d4 d5 3. e5 c5 4. dxc5 Nc6 5. a3 Nxe5 6. b4 Nf6 7. Bb2 Qc7 8. Nf3 Nxf3+ 9. Qxf3 Bd7 10. Nc3 Qe5+ 11. Qe3 Qxe3+ 12. fxe3 e6 13. Nb5 Kd8 14. c4 Bxb5 15. cxb5 Ng4 16. Ke2 Nf6 17. g3 Be7 18. Bg2 Kd7 19. Rhd1 h6 20. e4 Rae8 21. exd5 exd5 22. Bxd5 Nxd5 23. Rxd5+ Ke6 24. Rad1 Bf6 25. Bxf6 Kxf6+ 26. Kf3 Re7 27. c6 Re6 28. Rd6 bxc6 29. bxc6 a6 30. c7 Rc8 31. Rxe6+ Kxe6 32. Rc1 Kd6 33. Ke4 Rxc7 34. Rxc7 Kxc7 35. Kd5 h5 36. a4 Kd7 37. Kc5 Kc7 38. b5 axb5 39. Kxb5 Kb7 40. Kc5 Kc7 41. a5 Kb7 42. Kd6 h4 43. gxh4 Ka6 44. h5 Kxa5 45. Ke7 f5 46. Kf7 f4 47. Kxg7 f3 48. h6 f2 49. h7 f1=Q 50. h8=Q Qg2+ 51. Kf7 Qf3+ 52. Ke6 Qg4+ 53. Ke5 Qe2+ 54. Kd6 Qd3+ 55. Kc7 Qc4+ 56. Kd6 Qd3+ 57. Kc5 Qb5+ 58. Kd6 Qd3+ 1/2-1/2

[Event "January 2 Late 2024"]
[Site "https://www.chess.com"]
[Date "2024.01.02"]
[Round "11"]
[White "Grigoriants, Sergey"]
[Black "Jakubowski, Krzysztof"]
[Result "1-0"]
[Board "31"]
[TimeControl "180+1"]
[WhiteFideId "4130804"]
[BlackFideId "1112848"]
[WhiteElo "2927"]
[BlackElo "2667"]
[WhiteTeam "HUN"]
[BlackTeam "POL"]
[WhiteClock "0:00:04"]
[BlackClock "0:00:00"]

1. d4 Nf6 2. c4 e6 3. Nc3 Bb4 4. e3 O-O 5. Bd3 d5 6. cxd5 exd5 7. a3 Bd6 8. Qc2 c6 9. Nge2 Re8 10. f3 a5 11. g4 Kh8 12. g5 Nfd7 13. h4 Nf8 14. Kf2 Na6 15. Bd2 b5 16. e4 b4 17. Na4 dxe4 18. fxe4 Bg4 19. Be3 Bxe2 20. Qxe2 Nc7 21. Qf3 bxa3 22. bxa3 Rb8 23. Bc4 Nfe6 24. Rhd1 Qe7 25. Rd3 Nb5 26. e5 Bxa3 27. g6 fxg6 28. Qg4 Bb4 29. h5 gxh5 30. Qxh5 Rf8+ 31. Kg3 Nexd4 32. Bxd4 Nxd4 33. Rxd4 g6 34. Qe2 Rbe8 35. Rh1 Qg7 36. Re4 Be7 37. Nb6 Bg5 38. e6 Qf6 39. Nd7 Bf4+ 40. Kh3 Qg5 41. Qg4 Qh6+ 42. Qh4 Qxh4+ 43. Kxh4 Rf5 44. Kg4 h5+ 45. Kh3 Kg7 46. Rg1 g5 47. Bd3 Kh6 48. Kg2 Rd5 49. Bc4 Rd2+ 50. Kf3 Bc7 51. e7 Rc2 52. Bf7 g4+ 53. Ke3 Bb6+ 54. Nxb6 Rc3+ 55. Kf4 Rf3+ 56. Ke5 Rxe7+ 57. Be6 Rg7 58. Kd6 Rf6 59. Nd7 Rfg6 60. Ne5 1-0

[Event "January 2 Late 2024"]
[Site "https://www.chess.com"]
[Date "2024.01.02"]
[Round "11"]
[White "Bok, Benjamin"]
[Black "Martin Fuentes, Alberto"]
[Result "1-0"]
[Board "32"]
[TimeControl "180+1"]
[WhiteFideId "1017063"]
[BlackFideId "2292289"]
[WhiteElo "2923"]
[BlackElo "2660"]
[WhiteTeam "NED"]
[BlackTeam "ESP"]
[WhiteClock "0:00:15"]
[BlackClock "0:00:16"]

1. d4 Nf6 2. c4 c5 3. Nf3 cxd4 4. Nxd4 Nc6 5. Nc3 d6 6. g3 Bd7 7. Bg2 g6 8. O-O Bg7 9. b3 O-O 10. Nc2 Qa5 11. Bb2 Qh5 12. e3 Bg4 13. f3 Bh3 14. e4 Bxg2 15. Kxg2 Rfe8 16. Ne3 Qa5 17. Qd2 Rac8 18. Rfd1 h5 19. Qe2 a6 20. Ncd5 Nxd5 21. Nxd5 Ne5 22. Qd2 Qxd2+ 23. Rxd2 Nd7 24. Rad1 Bxb2 25. Rxb2 Kf8 26. h3 Rc6 27. f4 Nb6 28. Ne3 Rec8 29. g4 hxg4 30. hxg4 Na8 31. g5 Nc7 32. Rh1 Ke8 33. Kf3 b5 34. Rh8+ Kd7 35. Rh7 Rf8 36. Rd2 bxc4 37. Nxc4 Nb5 38. Ne5+ Kc7 39. Nxc6 Kxc6 40. Rh1 Kd7 41. Rc1 Rh8 42. Kg3 Rb8 43. Rdc2 Nd4 44. Rc7+ Ke6 45. Kg4 f5+ 46. gxf6 exf6 47. f5+ gxf5+ 48. exf5+ Kd5 49. Rd1 Rg8+ 50. Kf4 Rg5 51. Rc4 Rxf5+ 52. Kg4 Rg5+ 53. Kh4 Rg2 54. Rcxd4+ 1-0

[Event "January 2 Late 2024"]
[Site "https://www.chess.com"]
[Date "2024.01.02"]
[Round "11"]
[White "Tari, Aryan"]
[Black "Zavgorodniy, Sergiy"]
[Result "1-0"]
[Board "33"]
[TimeControl "180+1"]
[WhiteFideId "1510045"]
[BlackFideId "14110148"]
[WhiteElo "2907"]
[BlackElo "2617"]
[WhiteTeam "NOR"]
[BlackTeam "UKR"]
[WhiteClock "0:00:11"]
[BlackClock "0:01:07"]

1. e4 c6 2. d4 d5 3. exd5 cxd5 4. Bd3 Nc6 5. c3 Qc7 6. h3 g6 7. Nf3 Bf5 8. O-O Bxd3 9. Qxd3 Nf6 10. Re1 Bg7 11. Ne5 O-O 12. Bf4 Qb6 13. Qe2 e6 14. Na3 Nxe5 15. Bxe5 Rac8 16. Rab1 a6 17. Nc2 Qc6 18. Nb4 Qd7 19. Nd3 b6 20. Qf3 Ne4 21. Bxg7 Kxg7 22. Re2 Rce8 23. Rbe1 Qd8 24. Ne5 a5 25. Qe3 h5 26. Qf4 Qf6 27. Qh2 Qe7 28. h4 Rc8 29. Qf4 Qf6 30. Qh2 Qe7 31. Nd3 Kh7 32. Nf4 Qf6 33. f3 Nd6 34. Nxe6 fxe6 35. Rxe6 Qf5 36. Qxd6 Rf7 37. R1e5 Qb1+ 38. Kh2 Rg8 39. Rg5 b5 40. Qxd5 Qxb2 41. Rexg6 Rgf8 42. Rxh5+ Kxg6 43. Qg5# 1-0

[Event "January 2 Late 2024"]
[Site "https://www.chess.com"]
[Date "2024.01.02"]
[Round "11"]
[White "Maksimovic, Bojan"]
[Black "Suvorov, Alexander"]
[Result "1-0"]
[Board "34"]
[TimeControl "180+1"]
[WhiteFideId "14408120"]
[BlackFideId "12977063"]
[WhiteElo "2853"]
[BlackElo "2579"]
[WhiteTeam "BIH"]
[BlackTeam "GER"]
[WhiteClock "0:01:23"]
[BlackClock "0:01:47"]

1. a3 e5 2. h3 Nf6 3. e3 d5 4. d4 e4 5. c4 c6 6. Bd2 Be7 7. cxd5 Kd7 8. dxc6+ bxc6 9. Bc4 Ke8 10. Qb3 Rf8 11. Ne2 Nbd7 12. Nbc3 Nb6 13. Na4 Nbd5 14. Qc2 g5 15. Rc1 Bd7 16. Nac3 Bf5 17. Ng3 Nxc3 18. Nxf5 Ncd5 19. Ng7+ Kd7 20. Bxd5 Rc8 21. Bxc6+ Kd6 22. Bb4+ Kc7 23. Ba5+ Kb8 24. Qb3+ 1-0

[Event "January 2 Late 2024"]
[Site "https://www.chess.com"]
[Date "2024.01.02"]
[Round "11"]
[White "Bachmann, Axel"]
[Black "Asish Panda"]
[Result "1-0"]
[Board "35"]
[TimeControl "180+1"]
[WhiteFideId "3700488"]
[BlackFideId "45012458"]
[WhiteElo "2813"]
[BlackElo "2577"]
[WhiteTeam "PAR"]
[BlackTeam "IND"]
[WhiteClock "0:01:04"]
[BlackClock "0:00:02"]

1. Nf3 d5 2. e3 Nf6 3. c4 e6 4. b3 Be7 5. Bb2 O-O 6. Nc3 c5 7. cxd5 exd5 8. d4 cxd4 9. Nxd4 Nc6 10. Be2 Bc5 11. Nxc6 bxc6 12. O-O Re8 13. Rc1 Bd6 14. Na4 Ne4 15. Rxc6 Re6 16. g3 Bxg3 17. Rxe6 Bxh2+ 18. Kxh2 Bxe6 19. Bf3 Qh4+ 20. Kg1 Qg5+ 21. Bg2 Bg4 22. f4 Qg6 23. Qxd5 Re8 24. Rc1 Bf3 25. Rc2 Qg3 26. Qc6 Qe1+ 27. Kh2 Qh4+ 28. Kg1 Qe1+ 29. Bf1 Qxe3+ 30. Kh2 Qxf4+ 31. Kg1 Qg3+ 32. Rg2 Qb8 33. Rxg7+ Kf8 34. Qh6 Re6 35. Rg8+ Ke7 36. Qxe6+ fxe6 37. Rxb8 Ng5 38. Nc5 h5 39. Bg2 Bg4 40. Rg8 Nf7 41. Rg7 Kf8 42. Kf2 Nd6 43. Bf3 Bf5 44. Bxh5 Bb1 45. Nd7# 1-0

[Event "January 2 Late 2024"]
[Site "https://www.chess.com"]
[Date "2024.01.02"]
[Round "11"]
[White "Pham, Le Thao Nguyen"]
[Black "Klukin, Kirill"]
[Result "0-1"]
[Board "36"]
[TimeControl "180+1"]
[WhiteFideId "12401226"]
[BlackFideId "24199273"]
[WhiteElo "2568"]
[BlackElo "2811"]
[WhiteTeam "VIE"]
[BlackTeam "RUS"]
[WhiteClock "0:00:00"]
[BlackClock "0:00:14"]

1. d4 Nf6 2. Nf3 e6 3. Bf4 b6 4. e3 Bb7 5. Nbd2 d5 6. Bd3 Bd6 7. Ne5 O-O 8. Bg5 h6 9. Bh4 c5 10. c3 Nc6 11. f4 Be7 12. O-O Rc8 13. Bxf6 Bxf6 14. Qf3 cxd4 15. exd4 Nxe5 16. fxe5 Bg5 17. Rad1 f5 18. exf6 Rxf6 19. Qe2 Qd6 20. Rxf6 Bxf6 21. Nf3 Bc6 22. Re1 Bd7 23. Bb1 Rf8 24. Qd3 Kf7 25. Kh1 Ke7 26. Qg6 Be8 27. Qg4 h5 28. Qg3 Qxg3 29. hxg3 Kd6 30. Kg1 g5 31. Ne5 g4 32. Bd3 Bg5 33. Ba6 Bd2 34. Re2 Bc1 35. Nd3 Bg5 36. Ne5 h4 37. gxh4 Bxh4 38. Nxg4 Bh5 39. Rf2 Bxf2+ 40. Nxf2 Bg6 41. Ng4 Be4 42. Ne5 Rg8 43. Bf1 Rf8 44. a3 Rg8 45. Kf2 Ke7 46. Nc6+ Kf6 47. Ne5 Rg5 48. Nd7+ Ke7 49. Ne5 Rf5+ 50. Kg1 Rf6 51. Nc6+ Kd6 52. Nxa7 e5 53. Nb5+ Ke6 54. Nc7+ Kd7 55. dxe5 Rf5 0-1

[Event "January 2 Late 2024"]
[Site "https://www.chess.com"]
[Date "2024.01.02"]
[Round "11"]
[White "Seemann, Jakub"]
[Black "Flynn, Jacob"]
[Result "1-0"]
[Board "37"]
[TimeControl "180+1"]
[WhiteFideId "21874697"]
[BlackFideId "2509393"]
[WhiteElo "2796"]
[BlackElo "2527"]
[WhiteTeam "POL"]
[BlackTeam "IRL"]
[WhiteClock "0:01:34"]
[BlackClock "0:00:01"]

1. d4 Nf6 2. Bf4 d5 3. Nf3 c5 4. e3 Nc6 5. c3 Qb6 6. Qb3 c4 7. Qc2 Bf5 8. Qc1 Nh5 9. Nbd2 e6 10. Be2 Nxf4 11. exf4 Be7 12. O-O O-O 13. b3 cxb3 14. axb3 Rac8 15. Qb2 a5 16. Rfc1 Rc7 17. g3 Rfc8 18. Ne1 h6 19. Bd3 Bxd3 20. Nxd3 Bf8 21. Nf3 Qb5 22. Nfe5 Nxe5 23. Nxe5 g6 24. Ng4 Bg7 25. Ne3 h5 26. h4 b6 27. Rc2 Rc6 28. Rac1 Qa6 29. Qa3 Bf8 30. Qa2 Qb7 31. c4 dxc4 32. bxc4 Bg7 33. d5 exd5 34. cxd5 Rxc2 35. Rxc2 Rd8 36. Rc6 Bd4 37. Qc4 Bxe3 38. fxe3 b5 39. Qc5 b4 40. Qxa5 Ra8 41. Qb6 Ra1+ 42. Kg2 Ra2+ 43. Kf3 Qa8 44. Qxb4 Ra1 45. Qc3 Rf1+ 46. Kg2 Qa2+ 47. Kxf1 Qb1+ 48. Kf2 Qa1 1-0

[Event "January 2 Late 2024"]
[Site "https://www.chess.com"]
[Date "2024.01.02"]
[Round "11"]
[White "Timmermans, Mark"]
[Black "Dobrijevic, Milan"]
[Result "1/2-1/2"]
[Board "38"]
[TimeControl "180+1"]
[WhiteFideId "1026399"]
[BlackFideId "931632"]
[WhiteElo "2773"]
[BlackElo "2474"]
[WhiteTeam "NED"]
[BlackTeam "SRB"]
[WhiteClock "0:00:51"]
[BlackClock "0:00:16"]

1. b4 Nf6 2. Bb2 g6 3. b5 Bg7 4. e3 O-O 5. c4 a6 6. a4 axb5 7. axb5 Rxa1 8. Bxa1 d5 9. Nf3 c6 10. Be2 dxc4 11. Bxc4 cxb5 12. Bxb5 Bd7 13. Be2 Nc6 14. O-O Qa8 15. Nc3 Rd8 16. Qb3 Na5 17. Qb4 Bc6 18. Qxe7 Nb3 19. Bc4 Rd7 20. Qb4 Nxa1 21. Qb2 Ne4 22. Rxa1 Qc8 23. Be2 Nxc3 24. dxc3 Bxf3 25. Bxf3 Bxc3 26. Rc1 Bxb2 27. Rxc8+ Kg7 28. Rb8 Be5 29. Rxb7 Rxb7 30. Bxb7 f5 31. Kf1 g5 32. h3 h5 33. Bc8 Kf6 34. Ke2 h4 35. Kf3 Bd6 36. g3 hxg3 37. fxg3 Bc7 38. h4 gxh4 39. gxh4 Bb6 40. Ba6 Bc5 41. Bd3 Bb6 42. Bc2 Bc5 43. e4 fxe4+ 44. Bxe4 Kg7 45. h5 Kh6 46. Bh7 Kxh7 47. h6 Kxh6 1/2-1/2

[Event "January 2 Late 2024"]
[Site "https://www.chess.com"]
[Date "2024.01.02"]
[Round "11"]
[White "Banerjee, Supratit"]
[Black "Tristan, Leonardo"]
[Result "1-0"]
[Board "39"]
[TimeControl "180+1"]
[WhiteFideId "2410079"]
[BlackFideId "113816"]
[WhiteElo "2565"]
[BlackElo "2743"]
[WhiteTeam "SCO"]
[BlackTeam "ARG"]
[WhiteClock "0:00:24"]
[BlackClock "0:00:00"]

1. e4 d5 2. exd5 Qxd5 3. d4 Nc6 4. Nf3 Bg4 5. Be2 O-O-O 6. c3 e5 7. h3 Bh5 8. O-O exd4 9. Nxd4 Bxe2 10. Qxe2 Nxd4 11. cxd4 Qxd4 12. Nc3 Qd3 13. Qg4+ f5 14. Qa4 Qa6 15. Qxa6 bxa6 16. Be3 Kb7 17. Rad1 Rxd1 18. Rxd1 Bd6 19. Rd5 Ne7 20. Rd1 Rd8 21. Kf1 f4 22. Bxf4 Kc6 23. Be3 Ra8 24. b3 Nf5 25. Bd2 Rf8 26. Ne4 Ba3 27. g4 Nh4 28. Be3 h6 29. Ng3 Bd6 30. Ne4 Be5 31. Bxa7 Rf3 32. Be3 Rxh3 33. Ke2 Ng2 34. Rc1+ Kd5 35. Rc5+ Ke6 36. Nd2 Nxe3 37. fxe3 Rh2+ 38. Kd3 Rg2 39. Rc6+ Kd7 40. Rxa6 Rxg4 41. Nc4 Bg3 42. Ra4 h5 43. Rb4 c5 44. Rb5 Kc6 45. Rb6+ Kc7 46. Rb5 h4 47. Rxc5+ Kb7 48. Rh5 Rg6 49. a4 Ka6 50. b4 Rf6 51. b5+ Ka7 52. a5 Rf7 53. Rh8 g5 54. b6+ Kb7 55. Rh5 g4 56. Ke2 h3 57. a6+ Kxa6 58. Ra5+ Kb7 59. Ra7+ Kc6 60. Rxf7 Bb8 61. Rh7 Kc5 62. Nd2 h2 63. Ne4+ Kxb6 64. Kf2 Kc6 65. Ng3 Kd5 66. Rxh2 Kc4 67. Rh4 Kd3 68. Rxg4 Be5 69. Rg5 Bf6 70. Rd5+ Kc4 71. Rd1 Kc3 72. Ne4+ Kc2 73. Nxf6 Kxd1 74. e4 Kd2 75. e5 Kd3 76. e6 Kd4 77. e7 Kc5 78. e8=Q Kb6 79. Qc8 Ka7 80. Qc6 Kb8 81. Qd7 Ka8 82. Nd5 Kb8 83. Qc7+ 1-0

[Event "January 2 Late 2024"]
[Site "https://www.chess.com"]
[Date "2024.01.02"]
[Round "11"]
[White "Korchmar, Vasiliy"]
[Black "Pinheiro, Iung Alicio de O."]
[Result "1-0"]
[Board "40"]
[TimeControl "180+1"]
[WhiteFideId "24131750"]
[BlackFideId "2104350"]
[WhiteElo "2725"]
[BlackElo "2550"]
[WhiteTeam "RUS"]
[BlackTeam "BRA"]
[WhiteClock "0:00:12"]
[BlackClock "0:00:00"]

1. e4 c5 2. d4 cxd4 3. Qxd4 Nc6 4. Qd3 g6 5. Nc3 Bg7 6. Nf3 Nf6 7. Be2 O-O 8. O-O d6 9. Nd5 Re8 10. c3 Bg4 11. Bg5 Nd7 12. Rad1 h6 13. Bh4 g5 14. Bg3 e6 15. Ne3 Bxf3 16. Bxf3 Nde5 17. Qxd6 Qb6 18. Qa3 Nxf3+ 19. gxf3 Rad8 20. Nc4 Qa6 21. Qxa6 bxa6 22. Bc7 Rxd1 23. Rxd1 Rc8 24. Rd7 Bf8 25. Nd6 Bxd6 26. Bxd6 Na5 27. Rxa7 Nc4 28. Rxa6 Nxb2 29. Be5 Nc4 30. Bf6 Kh7 31. Kg2 Kg6 32. Be7 Ne5 33. Bb4 Nd3 34. a4 Nf4+ 35. Kf1 f5 36. a5 g4 37. fxg4 fxe4 38. Rd6 Kf6 39. a6 Ra8 40. Bc5 Ke5 41. Rc6 Nd3 42. Be3 Kd5 43. Rb6 Ne5 44. a7 Nc6 45. Rb7 e5 46. h4 1-0

[Event "January 2 Late 2024"]
[Site "https://www.chess.com"]
[Date "2024.01.02"]
[Round "11"]
[White "Do Valle Cardoso, Lucas"]
[Black "Ljukin, Sergei"]
[Result "1-0"]
[Board "41"]
[TimeControl "180+1"]
[WhiteFideId "2163144"]
[BlackFideId "14102200"]
[WhiteElo "2701"]
[BlackElo "2544"]
[WhiteTeam "BRA"]
[BlackTeam "UKR"]
[WhiteClock "0:00:05"]
[BlackClock "0:00:01"]

1. e4 e6 2. Nc3 d5 3. d4 Bb4 4. e5 Ne7 5. a3 Bxc3+ 6. bxc3 c5 7. Qg4 Qc7 8. Qxg7 Rg8 9. Qxh7 cxd4 10. Ne2 Nbc6 11. f4 Bd7 12. Qd3 dxc3 13. Qxc3 Nf5 14. g3 d4 15. Qc4 O-O-O 16. Bg2 Kb8 17. Rb1 Rc8 18. Bd2 Qd8 19. O-O b6 20. a4 Nce7 21. Qa6 Bc6 22. a5 Bxg2 23. axb6 axb6 24. Rxb6+ Qxb6 25. Qxb6+ Bb7 26. Rb1 Rc7 27. Bb4 Nd5 28. Qa5 Nxb4 29. Qxb4 Rd8 30. g4 Nh4 31. h3 Rdd7 32. Rb2 d3 33. cxd3 Rxd3 34. Kf2 Rf3+ 35. Ke1 Ng2+ 36. Kd2 Rd7+ 37. Kc2 Ne3+ 38. Kb1 Nd5 39. Qf8+ Ka7 40. Qc5+ Kb8 41. Nd4 Nc3+ 42. Kc2 Rc7 43. Qf8+ Rc8 44. Qd6+ Rc7 45. Nxf3 Ne4+ 46. Kd3 Nxd6 47. exd6 Rd7 48. Ne5 Rxd6+ 49. Ke3 f6 50. Nc4 Rc6 51. Na5 Rc3+ 52. Kd4 Rc7 53. Rxb7+ 1-0

[Event "January 2 Late 2024"]
[Site "https://www.chess.com"]
[Date "2024.01.02"]
[Round "11"]
[White "Carlsson, Ludvig"]
[Black "Makaraci, Tunahan"]
[Result "0-1"]
[Board "42"]
[TimeControl "180+1"]
[WhiteFideId "1727010"]
[BlackFideId "6356559"]
[WhiteElo "2698"]
[BlackElo "2543"]
[WhiteTeam "SWE"]
[BlackTeam "TUR"]
[WhiteClock "0:00:03"]
[BlackClock "0:00:06"]

1. e4 c5 2. Nf3 Nc6 3. Nc3 g6 4. d4 cxd4 5. Nxd4 Bg7 6. Be3 Nf6 7. Bc4 O-O 8. Bb3 d6 9. h3 Na5 10. O-O b6 11. Re1 Bb7 12. Qd3 Nd7 13. Bd5 Nc5 14. Qe2 Ba6 15. Qf3 Nc4 16. Bxa8 Qxa8 17. b3 Nxe3 18. Qxe3 Bb7 19. Rad1 Rc8 20. f3 Ne6 21. Nde2 Ba6 22. Nd5 Rxc2 23. Nxe7+ Kf8 24. Nd5 Qc8 25. Nb4 Rxe2 26. Rxe2 Bxe2 27. Rc1 Qd8 28. Qxe2 Qg5 29. Rc8+ Ke7 30. Nd5+ Kd7 31. Qc2 Bd4+ 32. Kh1 Nc5 33. Rc7+ Kd8 34. b4 Qg3 35. Qd2 Be5 36. f4 Nxe4 37. Qc2 Nf2+ 38. Qxf2 Qxf2 39. fxe5 Qe1+ 40. Kh2 Qxe5+ 41. Kh1 Qxd5 42. Rxa7 Qd1+ 43. Kh2 d5 44. a4 d4 45. a5 bxa5 46. bxa5 Qa4 47. a6 d3 48. Ra8+ Ke7 49. Ra7+ Kf6 50. Ra8 d2 51. Rd8 Qf4+ 52. Kg1 Qe3+ 53. Kh2 Qe5+ 54. Kg1 Qc5+ 55. Kf1 Qc1+ 56. Ke2 Qc4+ 57. Kxd2 Qb4+ 58. Ke3 Qb6+ 59. Rd4 Qxa6 60. Kf3 Qb6 61. Rd3 Kg7 62. g4 Qf6+ 63. Ke2 Qe5+ 64. Re3 Qh2+ 65. Kd3 f5 66. Rf3 fxg4 67. hxg4 Qg2 68. Ke3 Qxg4 69. Rf1 Qg3+ 70. Kd4 Qd6+ 71. Ke3 Qc5+ 72. Ke4 Qc4+ 73. Kf3 Qxf1+ 74. Kg3 g5 75. Kh2 Qf2+ 76. Kh1 Qe2 0-1

[Event "January 2 Late 2024"]
[Site "https://www.chess.com"]
[Date "2024.01.02"]
[Round "11"]
[White "Weisz, Bryan"]
[Black "Riff, Vincent"]
[Result "0-1"]
[Board "43"]
[TimeControl "180+1"]
[WhiteFideId "30934133"]
[BlackFideId "617776"]
[WhiteElo "2542"]
[BlackElo "2695"]
[WhiteTeam "USA"]
[BlackTeam "FRA"]
[WhiteClock "0:01:25"]
[BlackClock "0:02:38"]

1. Nf3 d5 2. d4 Nf6 3. c4 c6 4. Nc3 dxc4 5. a4 Bf5 6. Ne5 e6 7. f3 Bb4 8. e4 Bxe4 9. fxe4 Nxe4 10. Qf3 Qxd4 11. Qxf7+ Kd8 12. Qxb7 Bxc3+ 13. bxc3 Qf2+ 0-1

[Event "January 2 Late 2024"]
[Site "https://www.chess.com"]
[Date "2024.01.02"]
[Round "11"]
[White "Salazar Farias, Luis German"]
[Black "Hua, Lefong"]
[Result "1-0"]
[Board "44"]
[TimeControl "180+1"]
[WhiteFideId "3902170"]
[BlackFideId "2602253"]
[WhiteElo "2538"]
[BlackElo "2678"]
[WhiteTeam "VEN"]
[BlackTeam "CAN"]
[WhiteClock "0:00:06"]
[BlackClock "0:00:18"]

1. d4 Nf6 2. c4 c5 3. d5 e6 4. Nc3 exd5 5. cxd5 d6 6. Nf3 g6 7. Nd2 Nbd7 8. e4 Bg7 9. Be2 O-O 10. O-O Re8 11. a4 Ne5 12. Ndb1 h6 13. f4 Ned7 14. Nd2 c4 15. Kh1 Nc5 16. e5 dxe5 17. fxe5 Rxe5 18. Nxc4 Re8 19. Bf4 Nfe4 20. Nb5 g5 21. Bc7 Qd7 22. h3 f5 23. Bh2 f4 24. Bg4 Qd8 25. Bxc8 Rxc8 26. Nxa7 Ra8 27. Nb5 Qf6 28. Nc7 Rac8 29. Nxe8 Rxe8 30. d6 Rd8 31. Qd5+ Qf7 32. Rad1 Qxd5 33. Rxd5 Nxa4 34. Re1 Nf6 35. Rb5 Bf8 36. Ra1 Ra8 37. b3 Rc8 38. Rxa4 Nd7 39. Ra1 Rb8 40. Bg1 Kf7 41. Re1 b6 42. Rd5 b5 43. Ne5+ Nxe5 44. Rdxe5 Bxd6 45. Re6 Bb4 46. R1e2 Rc8 47. Kh2 Rc1 48. R6e5 Be1 49. Rxe1 Rc3 50. Rxb5 Rxb3 51. Rxb3 1-0

[Event "January 2 Late 2024"]
[Site "https://www.chess.com"]
[Date "2024.01.02"]
[Round "11"]
[White "Tabuenca Mendataurigoitia, Daniel"]
[Black "Spata, German"]
[Result "1-0"]
[Board "45"]
[TimeControl "180+1"]
[WhiteFideId "24563617"]
[BlackFideId "113026"]
[WhiteElo "2539"]
[BlackElo "2652"]
[WhiteTeam "ESP"]
[BlackTeam "ARG"]
[WhiteClock "0:00:07"]
[BlackClock "0:00:00"]

1. Nf3 g6 2. g3 Bg7 3. Bg2 d6 4. O-O e5 5. c4 Nf6 6. Nc3 O-O 7. d4 Nc6 8. dxe5 Nxe5 9. Nxe5 dxe5 10. Bg5 Qxd1 11. Rfxd1 h6 12. Be3 c6 13. b3 Be6 14. Na4 Nd7 15. Rd2 f5 16. Rad1 f4 17. Bc5 Rf7 18. Be4 Kh7 19. f3 Nf6 20. Bc2 fxg3 21. hxg3 b6 22. Bd6 Ne8 23. c5 b5 24. Nc3 Nf6 25. Bxe5 Nd5 26. Bxg7 Kxg7 27. Nxd5 Bxd5 28. Kf2 g5 29. e4 Be6 30. Rd6 Bg4 31. R1d3 Raf8 32. Bd1 Bh5 33. Kg2 Rf6 34. g4 Bg6 35. Rxf6 Rxf6 36. Rd7+ Rf7 37. Rd6 Rf6 38. e5 Rxd6 39. exd6 Be8 40. b4 Kf6 41. Bc2 Ke5 42. Bf5 Kd4 43. d7 Bxd7 44. Bxd7 Kc4 45. a3 Kb3 46. Bxc6 Kxa3 47. Bxb5 Kxb4 48. c6 Kxb5 49. c7 a5 50. c8=Q 1-0

[Event "January 2 Late 2024"]
[Site "https://www.chess.com"]
[Date "2024.01.02"]
[Round "11"]
[White "Goryachkina, Aleksandra"]
[Black "Ismayil, Malak"]
[Result "1-0"]
[Board "46"]
[TimeControl "180+1"]
[WhiteFideId "4147103"]
[BlackFideId "13412604"]
[WhiteElo "2642"]
[BlackElo "2537"]
[WhiteTeam "FID"]
[BlackTeam "AZE"]
[WhiteClock "0:01:07"]
[BlackClock "0:00:00"]

1. e4 e5 2. Nf3 Nc6 3. Bc4 Bc5 4. d3 Nf6 5. c3 O-O 6. h3 h6 7. Nbd2 d6 8. Bb3 Be6 9. Bc2 d5 10. O-O dxe4 11. dxe4 Qd7 12. Kh2 a6 13. Qe2 Bd6 14. Nc4 Rad8 15. Be3 Qe7 16. Nxd6 cxd6 17. Rfd1 d5 18. Bb6 Rd7 19. Nd2 g6 20. b4 d4 21. Bc5 Qd8 22. Bxf8 Kxf8 23. Nb3 Bxb3 24. Bxb3 dxc3 25. Qe3 Nd4 26. Qxh6+ Ke7 27. Qg5 Qc7 28. f4 c2 29. Rf1 Ne6 30. Bxe6 Kxe6 31. f5+ Ke7 32. fxg6 Rd6 33. g7 1-0

[Event "January 2 Late 2024"]
[Site "https://www.chess.com"]
[Date "2024.01.02"]
[Round "11"]
[White "xakevicius91"]
[Black "Janaszak, Dawid"]
[Result "1-0"]
[Board "47"]
[TimeControl "180+1"]
[BlackFideId "1119206"]
[WhiteElo "2522"]
[BlackElo "2633"]
[BlackTeam "POL"]
[WhiteClock "0:00:05"]
[BlackClock "0:00:00"]

1. e4 c6 2. d4 d5 3. e5 c5 4. Nf3 Nc6 5. dxc5 Bg4 6. c3 e6 7. Be3 Nge7 8. Nbd2 Nf5 9. Bd4 Be7 10. Bb5 O-O 11. Bxc6 bxc6 12. h3 Nxd4 13. hxg4 Nb5 14. Qc2 g6 15. O-O-O Qa5 16. a4 Na3 17. bxa3 Bxc5 18. Nb1 Rab8 19. Nd4 Bxd4 20. Rxd4 c5 21. Rd3 Rb7 22. Rdh3 Rfb8 23. Nd2 Rb2 24. Qxb2 Rxb2 25. Kxb2 Qxa4 26. Rxh7 Kf8 27. Rh8+ Ke7 28. Rb8 Qf4 29. Nf3 Qxg4 30. Rhh8 Kd7 31. Rb7+ Kc6 32. Rxf7 Qxg2 33. Nd2 Qg5 34. f4 Qg2 35. Kc2 d4 36. cxd4 cxd4 37. Rc8+ Kb6 38. Rc4 Qd5 39. Rfc7 d3+ 40. Kc3 Qa5+ 41. Kxd3 Qxa3+ 42. Rc3 Qa6+ 43. Ke3 Qa1 44. Rc1 Qa3+ 45. R7c3 Qa2 46. Rb3+ Ka6 47. Rcc3 1-0

[Event "January 2 Late 2024"]
[Site "https://www.chess.com"]
[Date "2024.01.02"]
[Round "11"]
[White "Golubev, Mikhail"]
[Black "uzkuzk"]
[Result "0-1"]
[Board "48"]
[TimeControl "180+1"]
[WhiteFideId "14100983"]
[WhiteElo "2630"]
[BlackElo "2514"]
[WhiteTeam "UKR"]
[WhiteClock "0:00:00"]
[BlackClock "0:00:12"]

1. e4 e5 2. Nf3 f5 3. Nxe5 Nc6 4. d4 Qf6 5. Nc3 Bb4 6. Nxc6 dxc6 7. e5 Qh4 8. a3 Bxc3+ 9. bxc3 Be6 10. Qf3 O-O-O 11. Bd3 Ne7 12. Qg3 Qh5 13. Qxg7 Nd5 14. Qh6 Qf7 15. Bd2 Rhg8 16. g3 Nb6 17. Qf6 Qd7 18. O-O Rdf8 19. Qh6 Kb8 20. f4 c5 21. dxc5 Na4 22. Be3 Nxc3 23. Qh5 Nd5 24. Bd2 Qc6 25. Bb4 a5 26. Be1 Qxc5+ 27. Bf2 Qc6 28. Qf3 Qd7 29. h4 Rg4 30. Kh2 Rfg8 31. Bc4 Nxf4 32. Bxe6 Nxe6 33. Qxf5 Qd5 34. Qf6 Rf8 0-1

[Event "January 2 Late 2024"]
[Site "https://www.chess.com"]
[Date "2024.01.02"]
[Round "11"]
[White "Brown_Mamba24"]
[Black "Gurevich, Dmitry"]
[Result "0-1"]
[Board "49"]
[TimeControl "180+1"]
[BlackFideId "2000407"]
[WhiteElo "2622"]
[BlackElo "2458"]
[BlackTeam "USA"]
[WhiteClock "0:00:21"]
[BlackClock "0:01:03"]

1. d4 Nf6 2. c4 a6 3. Nc3 c5 4. dxc5 e6 5. Nf3 Bxc5 6. a3 Qb6 7. e3 Qc7 8. b4 Be7 9. Bb2 b6 10. Bd3 Bb7 11. O-O d6 12. h3 Nbd7 13. Rc1 O-O 14. Be2 Rac8 15. Nd4 Rfe8 16. Bf3 Bxf3 17. Qxf3 Ne5 18. Qd1 Nxc4 19. Qb3 Nd2 20. Qa4 Nxf1 21. Kxf1 Qb7 22. b5 axb5 23. Qxb5 Ne4 24. Nxe4 Qxe4 25. f3 Qd5 26. Qd7 Rxc1+ 27. Bxc1 Qc4+ 28. Kf2 Qc8 29. Qb5 d5 30. Bd2 Bc5 31. Nc6 Qd7 32. Bc3 Rc8 33. Nd4 Qxb5 34. Nxb5 Bxa3 35. Bxg7 Rc2+ 36. Kg3 Kxg7 37. Nxa3 Rc3 38. Nb5 Rxe3 39. Kf4 Re2 40. g4 Rb2 41. Nd6 b5 42. Ke5 b4 43. Kd4 Rc2 44. Kd3 Rc3+ 45. Ke2 b3 0-1

[Event "January 2 Late 2024"]
[Site "https://www.chess.com"]
[Date "2024.01.02"]
[Round "11"]
[White "Sztokbant, Bernardo Vainzoff"]
[Black "Coca Cubillos, Jesus Alberto"]
[Result "1-0"]
[Board "50"]
[TimeControl "180+1"]
[WhiteFideId "2115956"]
[BlackFideId "4462912"]
[WhiteElo "2501"]
[BlackElo "2616"]
[WhiteTeam "BRA"]
[BlackTeam "COL"]
[WhiteClock "0:02:24"]
[BlackClock "0:01:38"]

1. e4 g6 2. d4 Bg7 3. Nf3 d6 4. Nc3 Nc6 5. h3 e5 6. Be3 f5 7. dxe5 Nxe5 8. Be2 Bd7 9. O-O Ne7 10. Nd4 O-O 11. f4 N5c6 12. Bc4+ Kh8 13. Ne6 Bxe6 14. Bxe6 Bxc3 15. bxc3 fxe4 16. Bd4+ 1-0